 Dungeon Crawl Stone Soup version 0.30-a0-242-g7bf8e6d787 (webtiles) character file.

Game seed: 15555772525544235821

368 gzilladon the Trooper (level 6, 0/57 HPs)
             Began as a Naga Fighter on Oct 11, 2022.
             Slain by Edmund
             ... wielding a +2 dire flail of protection
              (6 damage)
             ... on level 4 of the Dungeon.
             The game lasted 00:10:38 (3248 turns).

gzilladon the Trooper (Naga Fighter)                Turns: 3248, Time: 00:10:38

Health: 0/57       AC:  7    Str: 20    XL:     6   Next: 69%
Magic:  6/6        EV:  5    Int:  9    God:
Gold:   151        SH:  4    Dex: 10    Spells: 5/5 levels left

rFire   . . .      SeeInvis +    a - +0 war axe
rCold   . . .      Faith    .    c - +0 buckler
rNeg    . . .      Spirit   .    u - +0 chain mail
rPois   +          Reflect  .    (no helmet)
rElec   .          Harm     .    (no cloak)
rCorr   .          Rampage  .    (no gloves)
Will    .....                    (no barding)
Stlth   ..........               (no amulet)
HPRegen 0.29/turn                A - ring of see invisible
MPRegen 0.10/turn                (no ring)

@: mighty, very slow
A: AC +2, large, see invisible, deformed body, poison resistance, slowness 2,
spit poison 1, naga tail 1
a: Spit Poison


You were on level 4 of the Dungeon.
You visited 1 branch of the dungeon, and saw 4 of its levels.

You collected 151 gold pieces.

Inventory:

Hand Weapons
 a - a +0 war axe (weapon)
 j - a +0 dagger
 y - a +0 lajatang
Missiles
 h - 2 curare-tipped darts
 k - 52 stones
 s - 6 atropa-tipped darts
Armour
 b - a +0 scale mail
 c - a +0 buckler (worn)
 u - a +0 chain mail (worn)
 E - a +0 ring mail of cold resistance
 F - a +1 robe of cold resistance
Jewellery
 i - a ring of protection from cold
 v - an amulet of faith
 A - a ring of see invisible (left hand)
Wands
 B - a wand of charming (19)
Scrolls
 e - a scroll of identify {unknown}
 g - 3 scrolls of poison {unknown}
 l - 4 scrolls of teleportation {unknown}
 n - a scroll of enchant armour {unknown}
 p - a scroll of magic mapping {unknown}
 q - a scroll of blinking {unknown}
 r - a scroll of silence {unknown}
 w - a scroll of noise {unknown}
 x - 2 scrolls of vulnerability {unknown}
 C - a scroll of torment {unknown}
Potions
 d - a potion of might
 f - 4 potions of curing {unknown}
 m - 2 potions of brilliance {unknown}
 o - a potion of invisibility {unknown}
 t - 2 potions of heal wounds {unknown}
 z - 2 potions of degeneration {unknown}
 D - a potion of attraction {unknown}


   Skills:
 + Level 4.0 Fighting
 + Level 3.8 Axes
 * Level 4.0 Armour
 + Level 0.5 Dodging
 + Level 0.1 Stealth
 * Level 3.8 Shields


You had 5 spell levels left.
You didn't know any spells.
Your spell library contained the following spells:

 Spells                   Type           Power      Damage    Failure   Level
 Magic Dart               Conj           0%         1d3       99%         1
 Searing Ray              Conj           0%         2d4       100%        2
 Fulminant Prism          Conj/Hex       0%         3d6       100%        4


Dungeon Overview and Level Annotations

Branches:
Dungeon (4/15)
 Temple: D:4-7

Altars:

Shops:
D:2 [

Annotations:
D:4 Edmund


Innate Abilities, Weirdness & Mutations

Your serpentine skin is tough. (AC +2)
You have supernaturally acute eyesight. (SInv)
Armour fits poorly on your strangely shaped body.
Your system is resistant to poisons. (rPois)
You cover ground very slowly.
You can spit poison.
You have a snake-like lower body.


Message History

You slash the gnoll!
You kill the gnoll!
You hit the gnoll. The gnoll hits you but does no damage.
The gnoll hits you with a +0 flail.
You barely miss the gnoll.
The gnoll is heavily wounded.
You barely miss Edmund. You slash the gnoll!
You kill the gnoll!
Edmund hits you with a +2 dire flail of protection.
The gnoll hits you with a +0 club.
Your Armour skill increases to level 4!
You completely miss the gnoll.
The gnoll is heavily wounded.
You closely miss Edmund. Edmund barely misses you.
The gnoll hits you with a +0 club. The gnoll hits you but does no damage.
Edmund hits you with a +2 dire flail of protection!
You slash the gnoll!
You kill the gnoll!
You closely miss Edmund.
Edmund hits you with a +2 dire flail of protection.
* * * LOW HITPOINT WARNING * * *
You slash Edmund!
Edmund is lightly wounded.
Edmund hits you but does no damage.
You hit Edmund.
Edmund is moderately wounded.
Edmund hits you with a +2 dire flail of protection.
* * * LOW HITPOINT WARNING * * *
Edmund hits you with a +2 dire flail of protection!
* * * LOW HITPOINT WARNING * * *
You closely miss Edmund.
Edmund is moderately wounded.
You block Edmund's attack.
You barely miss Edmund.
Edmund is moderately wounded.
Edmund hits you but does no damage.
You barely miss Edmund.
Edmund is moderately wounded.
Edmund hits you with a +2 dire flail of protection.
You die...

...... #..... ##.....##
#### ......... ...
#......# #.# ##......#
#.## #.....@)# #####..##
#.....)@# #.......##
#.......#### #.#####..#
#..........# #.##.##..##
##########.###.#........
#.....#.....<).
#######........
#........ #....##..
#....###.


You could see Edmund.

Vanquished Creatures
  A necrophage (D:3)
  2 orc priests
  Ijyb (D:3)
  An orc wizard (D:4)
  6 adders
  4 gnolls (D:4)
  3 worms
  2 dart slugs
  6 orcs
  3 ball pythons (D:3)
  6 bats
  8 endoplasms
  2 giant cockroaches (D:1)
  5 goblins
  12 hobgoblins
  4 jackals (D:1)
  5 kobolds
  5 quokkas
  6 frilled lizards
  7 rats
89 creatures vanquished.

Vanquished Creatures (others)
  A plant (D:2)
1 creature vanquished.

Grand Total: 90 creatures vanquished

Notes
Turn   | Place    | Note
-------+----------+-------------------------------------------
     0 | D:1      | gzilladon the Naga Fighter began the quest for the Orb.
     0 | D:1      | Reached XP level 1. HP: 21/21 MP: 1/1
    84 | D:1      | Reached XP level 2. HP: 20/28 MP: 2/2
   432 | D:1      | Reached XP level 3. HP: 31/34 MP: 3/3
   865 | D:2      | Found Fekhli Oraj's Armour Shop.
  1177 | D:2      | Reached XP level 4. HP: 43/43 MP: 4/4
  1575 | D:3      | Reached XP level 5. HP: 17/50 MP: 5/5
  2296 | D:3      | Noticed Ijyb
  2313 | D:3      | Killed Ijyb
  2314 | D:3      | Reached XP level 6. HP: 43/57 MP: 6/6
  2655 | D:3      | Found a faded altar of an unknown god.
  3235 | D:4      | Noticed Edmund
  3248 | D:4      | Slain by Edmund

Illustrated notes

Levels and vault maps discovered:
D:1:      minmay_arrival_cross, layout_basic
D:2:      layout_rooms, serial_shops, shop, serial_bayou_pond_d
D:3:      minmay_razor_zed, layout_loops_cross,
          hellmonk_ecumenical_altar_prayer_group, minmay_vboxes, uniq_ijyb
D:4:      layout_basic, mainiacjoe_overflow_divided_tiny, patterned_corridor,
          uniq_edmund

Skill      XL: |  1  2  3  4  5  6 |
---------------+-------------------+-----
Shields        | 3 |  3.8
Armour         | 3 4 |  4.0
Axes           | 3 |  3.8
Fighting       | 4 |  4.0
Dodging        | |  0.5
Stealth        | |  0.1

Action                   |  1- 3 |  4- 6 || total
-------------------------+-------+-------++-------
Melee: War axe           |   121 |   155 ||   276
  Use: Potion            |       |     1 ||     1
Armor: Scale mail        |    65 |     6 ||    71
       Chain mail        |       |    90 ||    90
Dodge: Dodged            |    60 |    49 ||   109
Block: Buckler           |    30 |    37 ||    67

Table legend: (Time is in decaauts)
 A = Elapsed time spent in this place.
 B = Non-inter-level travel time spent in this place.
 C = Inter-level travel time spent in this place.
 D = Time resting spent in this place.
 E = Time spent auto-exploring this place.
 F = Levels seen in this place.
 G = Mean time per level.
                   A        B        C        D        E       F      G
               +--------+--------+--------+--------+--------+-----+--------+
         Total |   4261 |   3583 |    678 |    605 |      0 |   4 | 1065.2 |
       Dungeon |   4261 |   3583 |    678 |    605 |      0 |   4 | 1065.2 |
               +--------+--------+--------+--------+--------+-----+--------+

Top non-repeatable levels by time:
     D:3: 1958 daAuts
     D:1: 1124 daAuts
     D:2: 765 daAuts
     D:4: 413 daAuts
